 Dungeon Crawl Stone Soup version 0.30.1-4-g462c640d31 (webtiles) character file.

Game seed: 44855987775167204

348 ChiefBigBeans the Shooter (level 6, -14/53 HPs)
             Began as a Minotaur Hunter on Aug 31, 2023.
             Was a Priest of Lugonu.
             Shot with an arrow by a gnoll bouda (17 damage)
             ... on level 4 of the Dungeon.
             The game lasted 00:09:35 (2810 turns).

ChiefBigBeans the Shooter (Minotaur Hunter)         Turns: 2810, Time: 00:09:36

Health: -14/53     AC:  6    Str: 16    XL:     6   Next: 33%
Magic:  5/5        EV: 12    Int:  6    God:    Lugonu [***...]
Gold:   101        SH:  0    Dex: 15    Spells: 5/5 levels left

rFire   . . .        a - +0 shortbow
rCold   . . .        (shield currently unavailable)
rNeg    . . .        m - +1 ring mail
rPois   .            (helmet restricted)
rElec   .            (no cloak)
rCorr   .            (no gloves)
SInv    .            (no boots)
Will    .....        (no amulet)
Stlth   +            (no ring)
HPRegen 0.28/turn    (no ring)
MPRegen 0.09/turn

%: no passive effects
@: weakened
A: horns 2, retaliatory headbutt
a: Renounce Religion, Depart the Abyss, Banish


You were on level 4 of the Dungeon.
You worshipped Lugonu.
Lugonu was most pleased with you.
You visited 1 branch of the dungeon, and saw 4 of its levels.

You collected 101 gold pieces.

Inventory:

Hand Weapons
 a - a +0 shortbow (weapon)
 h - a +1 dagger of freezing
Armour
 c - a +0 leather armour
 g - an orb of wrath
 m - a +1 ring mail (worn)
Scrolls
 b - 2 scrolls of immolation
 d - 3 scrolls of identify
 e - 4 scrolls of teleportation
 i - a scroll of fear
 j - 2 scrolls of blinking {unknown}
Potions
 f - a potion of mutation {unknown}
 k - a potion of flight {unknown}


   Skills:
 + Level 4.5 Fighting
 + Level 5.6 Ranged Weapons
 + Level 3.6 Armour
 + Level 4.1 Dodging
 - Level 0.7 Stealth


You had 5 spell levels left.
You didn't know any spells.
Your spell library was empty.

Dungeon Overview and Level Annotations

Branches:
Dungeon (4/15)
 Temple: D:4-7

Altars:
Lugonu

Shops:
D:1 [[(

Annotations:
D:3 2 transporters, bairyn's ghost, amateur SpRe


Innate Abilities, Weirdness & Mutations

You have a pair of horns on your head.
You reflexively headbutt those who attack you in melee.


Message History

Fire: a) +0 shortbow
Press: ? - help, Q - select action, (/) - cycle Shift-Dir - straight line, f/p - gnoll bouda
Aim: a gnoll bouda, wielding a +2 heavy shortbow and wearing a +0 leather armour (moderately wounded, 66% to hit)
You shoot an arrow. The arrow hits the orc!
You kill the orc!
Lugonu accepts your kill.
The gnoll bouda gazes fiercely through you!
You feel your attacks grow feeble.
The gnoll bouda shoots an arrow.
The arrow barely misses you.
Fire: a) +0 shortbow
Press: ? - help, Q - select action, (/) - cycle Shift-Dir - straight line, f/p - gnoll bouda
Aim: a gnoll bouda, wielding a +2 heavy shortbow and wearing a +0 leather armour (moderately wounded, 66% to hit)
You shoot an arrow.
The arrow barely misses the gnoll bouda.
The arrow hits the gnoll but does no damage.
The gnoll is heavily wounded.
Fire: a) +0 shortbow
Press: ? - help, Q - select action, (/) - cycle Shift-Dir - straight line, f/p - gnoll bouda
Aim: a gnoll bouda, wielding a +2 heavy shortbow and wearing a +0 leather armour (moderately wounded, 66% to hit)
You shoot an arrow. The arrow hits the gnoll bouda.
The gnoll bouda is heavily wounded.
The gnoll bouda gazes fiercely through you!
You feel as though you will be weak longer.
The gnoll bouda shoots an arrow.
The arrow barely misses you.
Fire: a) +0 shortbow
Press: ? - help, Q - select action, (/) - cycle Shift-Dir - straight line, f/p - gnoll bouda
Aim: a gnoll bouda, wielding a +2 heavy shortbow and wearing a +0 leather armour (heavily wounded, 66% to hit)
You shoot an arrow.
The arrow closely misses the gnoll bouda.
The arrow hits the gnoll.
The gnoll is severely wounded.
The gnoll bouda shoots an arrow.
The arrow hits you!
* * * LOW HITPOINT WARNING * * *
Fire: a) +0 shortbow
Press: ? - help, Q - select action, (/) - cycle Shift-Dir - straight line, f/p - gnoll bouda
Aim: a gnoll bouda, wielding a +2 heavy shortbow and wearing a +0 leather armour (heavily wounded, 66% to hit)
You shoot an arrow. The arrow hits the gnoll bouda!
The gnoll bouda is almost dead.
The gnoll bouda shoots an arrow.
The arrow hits you!
You die...

## #.# #.##... # #.# #..#.#
# #.# ##...# .... #..
####.# ##...# #.... .#[.
.....## ##..g## #..<. .. #
......## ##..#g#
##.#.###.#.#
....#.)#####..##g#
#...........
...###.#.....###)##
#.......# #.
##............##@.#
#.......##
####.....####.....#
#........###
#....#....#########
#......#....
..####..#..######
#......#.### ###
##.##......######......###
# #
#.#######.....)............
# #..# ########......#####
# ##.##### ######## # #
#.....####################


You could see a gnoll bouda and 2 gnolls.

Vanquished Creatures
  A black bear (D:4)
  Natasha (thrice) (D:2)
  Robin (D:2)
  2 gnolls (D:4)
  6 adders
  A white imp (D:4)
  An ufetubus (D:4)
  A dart slug (D:3)
  5 orcs
  4 ball pythons
  4 endoplasms
  19 goblins
  9 hobgoblins
  2 jackals (D:2)
  3 quokkas
  7 bats
  2 frilled lizards
  10 kobolds
  2 rats (D:2)
83 creatures vanquished.

Notes
Turn   | Place    | Note
-------+----------+-------------------------------------------
     0 | D:1      | ChiefBigBeans the Minotaur Hunter began the quest for the
                  | Orb.
     0 | D:1      | Reached XP level 1. HP: 18/18 MP: 0/0
   236 | D:1      | Found Lieqav's Antique Armour Shoppe.
   241 | D:1      | Reached XP level 2. HP: 25/25 MP: 1/1
   278 | D:1      | Found Nyist's Antique Armour Emporium.
   306 | D:1      | Found Hostripn's Antique Weapon Shop.
   330 | D:1      | Reached skill level 1 in Armour
   481 | D:1      | Found Siush's Weapon Emporium.
   899 | D:2      | Found a faded altar of an unknown god.
   907 | D:2      | Prayed at the altar of an unknown god.
   907 | D:2      | Became a worshipper of Lugonu the Unformed
   907 | D:2      | Reached * piety under Lugonu
   963 | D:2      | Reached XP level 3. HP: 28/31 MP: 2/2
  1103 | D:2      | Noticed Robin
  1128 | D:2      | Killed Robin
  1160 | D:2      | Reached XP level 4. HP: 38/38 MP: 3/3
  1164 | D:2      | Reached ** piety under Lugonu
  1174 | D:2      | Reached skill level 5 in Ranged Weapons
  1478 | D:2      | Noticed Natasha
  1488 | D:2      | Killed Natasha
  1594 | D:2      | Reached XP level 5. HP: 46/46 MP: 4/4
  1620 | D:2      | Noticed Natasha
  1624 | D:2      | Killed Natasha
  1629 | D:2      | Noticed Natasha
  1635 | D:2      | Killed Natasha
  2077 | D:3      | Found a transporter.
  2077 | D:3      | Found a transporter.
  2085 | D:3      | Noticed bairyn's ghost (amateur SpRe)
  2701 | D:4      | Noticed a black bear
  2705 | D:4      | Killed a black bear
  2706 | D:4      | Reached XP level 6. HP: 53/53 MP: 5/5
  2806 | D:4      | Reached *** piety under Lugonu
  2810 | D:4      | Shot with an arrow by a gnoll bouda

Illustrated notes

Levels and vault maps discovered:
D:1:      lightli_arrival_isolated_outpost, layout_basic, serial_shops, shop,
          shop, shop_statue, shop, glass_columns_b, minmay_box_of_dots
D:2:      layout_basic, nicolae_ecumenical_oubliette, uniq_robin, uniq_natasha
D:3:      layout_basic, gammafunk_ghost_gnarly_gnolls
D:4:      layout_rooms, kennysheep_generic_room_13

Skill      XL: |  1  2  3  4  5 |
---------------+----------------+-----
Armour         | 1 2 3 |  3.6
Fighting       | 3 4 |  4.5
Dodging        | 3 4 |  4.1
Ranged Weapons | 5 |  5.6
Stealth        | |  0.7

Action                     |  1- 3 |  4- 6 || total
---------------------------+-------+-------++-------
   Fire: Shortbow          |    98 |   131 ||   229
    Use: Scroll            |     5 |     1 ||     6
         Potion            |     3 |     2 ||     5
 Armour: Leather armour    |     2 |       ||     2
         Ring mail         |    23 |     8 ||    31
  Dodge: Dodged            |    38 |    23 ||    61
